SL
NEW AMSTERDAM DUTCHMEN @ D.C. DIVIDED
08/31/2032
 
TOP OF THE 1ST
New Amsterdam Dutchmen batting - Pitching for D.C. Divided : LHP Domingo Montémayor
Pitching: LHP Domingo Montémayor
Batting: RHB Jon Osterman 0-0: Ball
1-0: Ball
2-0: Called Strike
2-1: Foul Ball, location: 2F
2-2: Ball
3-2: Base on Balls
Batting: RHB Chi-ju Zhang 0-0: Ball
1-0: Foul Ball, location: 2F
1-1: Called Strike
Jon Osterman steals 2nd base
1-2: Fly out, F8 (Flyball, 78D)
Batting: RHB António Martínez 0-0: Called Strike
0-1: Ball
1-1: Ball
2-1: Swinging Strike
2-2: Ball
3-2: Base on Balls
Batting: LHB SaQwan Hackett 0-0: Swinging Strike
0-1: Foul Ball, location: 2F
0-2: Ball
1-2: Foul Ball, location: 2F
1-2: Ball
2-2: Foul Ball, location: 2F
2-2: Strikes out swinging
Batting: LHB Sal Bradshaw 0-0: Called Strike
0-1: Ball
1-1: Reached on error, E4 (Groundball, 4)
Jon Osterman to third
António Martínez to second
Batting: LHB Carlos Campos 0-0: Called Strike
0-1: Ground out 1-3 (Groundball, 13S)
Top of the 1st over - 0 runs, 0 hits, 1 error, 3 left on base; New Amsterdam 0 - D.C. 0
BOTTOM OF THE 1ST
D.C. Divided batting - Pitching for New Amsterdam Dutchmen : RHP Kyle Boddy
Pitching: RHP Kyle Boddy
Batting: LHB Elmer Hudgins 0-0: Called Strike
0-1: Foul Ball, location: 2F
0-2: Ball
1-2: Ground out 4-3 (Groundball, 4)
Batting: RHB Tony Romero 0-0: Ball
1-0: SINGLE (Groundball, 4MD)
Batting: LHB Yao-pang Chiang 0-0: Ball
1-0: Called Strike
1-1: Ball
2-1: Fly out, F8 (Flyball, 8LD)
Batting: RHB Wilbur Davis 0-0: Ball
Tony Romero steals 2nd base
1-0: Ball
2-0: Ball
3-0: Base on Balls
Batting: LHB Obidiah Lewis 0-0: Foul Ball, location: 2F
0-1: Ball
1-1: Ball
2-1: Fly out, F7 (Flyball, 7LM)
Bottom of the 1st over - 0 runs, 1 hit, 0 errors, 2 left on base; New Amsterdam 0 - D.C. 0
TOP OF THE 2ND
New Amsterdam Dutchmen batting - Pitching for D.C. Divided : LHP Domingo Montémayor
Batting: RHB Heherson Inaris 0-0: Foul Ball, location: 2F
0-1: Ball
1-1: Foul Ball, location: 2F
1-2: Foul Ball, location: 2F
1-2: Ball
2-2: Ground out 4-3 (Groundball, 4)
Batting: RHB David Elías 0-0: Ball
1-0: Foul Ball, location: 2F
1-1: Foul Ball, location: 2F
1-2: Ball
2-2: SINGLE (Groundball, 4MD)
Batting: LHB Félix López 0-0: Ball
1-0: Called Strike
1-1: Called Strike
1-2: Foul Ball, location: 2F
1-2: Ball
2-2: Strikes out swinging
Batting: RHB Jon Osterman 0-0: Ball
1-0: Fly out, F8 (Flyball, 8LM)
Top of the 2nd over - 0 runs, 1 hit, 0 errors, 1 left on base; New Amsterdam 0 - D.C. 0
BOTTOM OF THE 2ND
D.C. Divided batting - Pitching for New Amsterdam Dutchmen : RHP Kyle Boddy
Batting: LHB Ryan Marken 0-0: Called Strike
0-1: Ball
1-1: Ball
2-1: SINGLE (Groundball, 4D)
Batting: RHB Arturo Rodríguez 0-0: Ball
1-0: Ball
2-0: Foul Ball, location: 2F
2-1: Foul Ball, location: 2F
2-2: Ball
3-2: Strikes out looking
Batting: RHB Brant Thigpen 0-0: Called Strike
Ryan Marken is caught stealing 2nd base
0-1: Ball
1-1: Foul Ball, location: 2F
1-2: Ground out 4-3 (Groundball, 4)
Bottom of the 2nd over - 0 runs, 1 hit, 0 errors, 0 left on base; New Amsterdam 0 - D.C. 0
TOP OF THE 3RD
New Amsterdam Dutchmen batting - Pitching for D.C. Divided : LHP Domingo Montémayor
Batting: RHB Chi-ju Zhang 0-0: Swinging Strike
0-1: Fly out, F7 (Flyball, 7)
Batting: RHB António Martínez 0-0: Ground out 5-3 (Groundball, 56)
Batting: LHB SaQwan Hackett 0-0: Ground out 1-3 (Groundball, 15S)
Top of the 3rd over - 0 runs, 0 hits, 0 errors, 0 left on base; New Amsterdam 0 - D.C. 0
BOTTOM OF THE 3RD
D.C. Divided batting - Pitching for New Amsterdam Dutchmen : RHP Kyle Boddy
Batting: RHB Nick Boyd 0-0: Called Strike
0-1: Called Strike
0-2: Strikes out swinging
Batting: LHB Elmer Hudgins 0-0: Swinging Strike
0-1: Ball
1-1: Called Strike
1-2: Ball
2-2: Strikes out swinging
Batting: RHB Tony Romero 0-0: Called Strike
0-1: Ball
1-1: Called Strike
1-2: Ball
2-2: Ground out 1-3 (Groundball, 13S)
Bottom of the 3rd over - 0 runs, 0 hits, 0 errors, 0 left on base; New Amsterdam 0 - D.C. 0
TOP OF THE 4TH
New Amsterdam Dutchmen batting - Pitching for D.C. Divided : LHP Domingo Montémayor
Batting: LHB Sal Bradshaw 0-0: Ball
1-0: Called Strike
1-1: Ball
2-1: Foul Ball, location: 2F
2-2: Reached on error, E3 (Flyball, 3D)
Batting: LHB Carlos Campos 0-0: Ball
1-0: Ball
2-0: Ball
3-0: Called Strike
3-1: Foul Ball, location: 2F
3-2: Base on Balls
Sal Bradshaw to second
Batting: RHB Heherson Inaris 0-0: Called Strike
0-1: Ball
1-1: Foul Ball, location: 2F
1-2: Strikes out swinging
Batting: RHB David Elías 0-0: Ball
1-0: Ball
2-0: Swinging Strike
2-1: Foul Ball, location: 2F
2-2: Ball
3-2: Base on Balls
Sal Bradshaw to third
Carlos Campos to second
Batting: LHB Félix López 0-0: Foul Ball, location: 2F
0-1: DOUBLE (Line Drive, 89M)
Sal Bradshaw scores
Carlos Campos scores
David Elías to third
Batting: RHB Jon Osterman 0-0: Ball
1-0: Ball
2-0: Called Strike
2-1: Swinging Strike
2-2: Ball
3-2: Foul Ball, location: 2F
3-2: Foul Ball, location: 2F
3-2: Fly out, F7 (Flyball, 7LS)
Runner from 3rd tags up, SCORES, no throw
Batting: RHB Chi-ju Zhang 0-0: Ball
1-0: Called Strike
1-1: Ball
2-1: Ball
3-1: Base on Balls
Batting: RHB António Martínez 0-0: Foul Ball, location: 2F
0-1: Swinging Strike
0-2: Foul Ball, location: 2F
0-2: Foul Ball, location: 2F
0-2: Ball
1-2: SINGLE (Groundball, 34D)
Félix López to third
Chi-ju Zhang to second
Runner from 3rd tries for Home, SAFE, no throw
Batting: LHB SaQwan Hackett 0-0: Called Strike
0-1: Foul Ball, location: 2F
0-2: Strikes out looking
Top of the 4th over - 4 runs, 2 hits, 1 error, 2 left on base; New Amsterdam 4 - D.C. 0
BOTTOM OF THE 4TH
D.C. Divided batting - Pitching for New Amsterdam Dutchmen : RHP Kyle Boddy
Batting: LHB Yao-pang Chiang 0-0: Foul Ball, location: 2F
0-1: Ball
1-1: Ball
2-1: Ball
3-1: Called Strike
3-2: Base on Balls
Batting: RHB Wilbur Davis 0-0: Foul Ball, location: 2F
0-1: Fly out, F3 (Popup, 3SF)
Batting: LHB Obidiah Lewis 0-0: Ball
1-0: Ball
2-0: Foul Ball, location: 2F
2-1: Foul Ball, location: 2F
2-2: Ball
3-2: Foul Ball, location: 2F
3-2: Base on Balls
Yao-pang Chiang to second
Batting: LHB Ryan Marken 0-0: Foul Ball, location: 2F
0-1: Foul Ball, location: 2F
0-2: Fly out, F7 (Flyball, 78D)
Batting: RHB Arturo Rodríguez 0-0: Called Strike
0-1: Called Strike
0-2: Strikes out looking
Bottom of the 4th over - 0 runs, 0 hits, 0 errors, 2 left on base; New Amsterdam 4 - D.C. 0
TOP OF THE 5TH
New Amsterdam Dutchmen batting - Pitching for D.C. Divided : LHP Domingo Montémayor
Batting: LHB Sal Bradshaw 0-0: Foul Ball, location: 2F
0-1: Called Strike
0-2: Ball
1-2: Ball
2-2: Foul Ball, location: 2F
2-2: Strikes out swinging
Batting: LHB Carlos Campos 0-0: SINGLE (Line Drive, 89S)
Batting: RHB Heherson Inaris 0-0: Swinging Strike
0-1: Foul Ball, location: 2F
0-2: Fielders Choice at 2nd, 6-4 (Groundball, 6M)
Pitching: RHP Trevor Brohard
Batting: RHB David Elías 0-0: Called Strike
Heherson Inaris steals 2nd base
0-1: Called Strike
0-2: Strikes out swinging
Top of the 5th over - 0 runs, 1 hit, 0 errors, 1 left on base; New Amsterdam 4 - D.C. 0
BOTTOM OF THE 5TH
D.C. Divided batting - Pitching for New Amsterdam Dutchmen : RHP Kyle Boddy
Batting: RHB Brant Thigpen 0-0: Swinging Strike
0-1: Ball
1-1: Swinging Strike
1-2: Strikes out swinging
Batting: RHB Nick Boyd 0-0: Ball
1-0: Ground out 6-3 (Groundball, 6)
Batting: LHB Elmer Hudgins 0-0: Foul Ball, location: 2F
0-1: Ball
1-1: Ball
2-1: Ball
3-1: Ground out 6-3 (Groundball, 6)
Bottom of the 5th over - 0 runs, 0 hits, 0 errors, 0 left on base; New Amsterdam 4 - D.C. 0
TOP OF THE 6TH
New Amsterdam Dutchmen batting - Pitching for D.C. Divided : RHP Trevor Brohard
Batting: LHB Félix López 0-0: Ball
1-0: Ball
2-0: Called Strike
2-1: Foul Ball, location: 2F
2-2: Foul Ball, location: 2F
2-2: Fly out, F8 (Flyball, 8RM)
Batting: RHB Jon Osterman 0-0: Fly out, F8 (Flyball, 78XD)
Batting: RHB Chi-ju Zhang 0-0: Ball
1-0: Called Strike
1-1: Ball
2-1: Swinging Strike
2-2: Ball
3-2: Foul Ball, location: 2F
3-2: Strikes out looking
Top of the 6th over - 0 runs, 0 hits, 0 errors, 0 left on base; New Amsterdam 4 - D.C. 0
BOTTOM OF THE 6TH
D.C. Divided batting - Pitching for New Amsterdam Dutchmen : RHP Kyle Boddy
Batting: RHB Tony Romero 0-0: Foul Ball, location: 2F
0-1: Foul Ball, location: 2F
0-2: Fly out, F3 (Line Drive, 3)
Batting: LHB Yao-pang Chiang 0-0: Ball
1-0: Ball
2-0: Foul Ball, location: 2F
2-1: Fly out, F9 (Flyball, 9S)
Batting: RHB Wilbur Davis 0-0: Fly out, F4 (Line Drive, 4)
Bottom of the 6th over - 0 runs, 0 hits, 0 errors, 0 left on base; New Amsterdam 4 - D.C. 0
TOP OF THE 7TH
New Amsterdam Dutchmen batting - Pitching for D.C. Divided : RHP Trevor Brohard
Batting: RHB António Martínez 0-0: Called Strike
0-1: Called Strike
0-2: Strikes out swinging
Batting: LHB SaQwan Hackett 0-0: Ground out 6-3 (Groundball, 6MD)
Batting: LHB Sal Bradshaw 0-0: Fly out, F9 (Flyball, 89M)
Top of the 7th over - 0 runs, 0 hits, 0 errors, 0 left on base; New Amsterdam 4 - D.C. 0
BOTTOM OF THE 7TH
D.C. Divided batting - Pitching for New Amsterdam Dutchmen : RHP Kyle Boddy
Batting: LHB Obidiah Lewis 0-0: Foul Ball, location: 2F
0-1: Ground out U3 (Groundball, 3L)
Batting: LHB Ryan Marken 0-0: Ball
1-0: Ball
2-0: Ball
3-0: Base on Balls
Batting: RHB Arturo Rodríguez 0-0: Ball
Ryan Marken is caught stealing 2nd base
1-0: Ball
2-0: Foul Ball, location: 2F
2-1: Ball
3-1: Fly out, F7 (Flyball, 7LD)
Bottom of the 7th over - 0 runs, 0 hits, 0 errors, 0 left on base; New Amsterdam 4 - D.C. 0
TOP OF THE 8TH
New Amsterdam Dutchmen batting - Pitching for D.C. Divided : RHP Trevor Brohard
Batting: LHB Carlos Campos 0-0: Called Strike
0-1: Ball
1-1: Swinging Strike
1-2: Strikes out swinging
Batting: RHB Heherson Inaris 0-0: Swinging Strike
0-1: Ball
1-1: Foul Ball, location: 2F
1-2: Foul Ball, location: 2F
1-2: Ground out 4-3 (Groundball, 4)
Batting: RHB David Elías 0-0: Swinging Strike
0-1: Foul Ball, location: 2F
0-2: Ball
1-2: Ball
2-2: Ball
3-2: Foul Ball, location: 2F
3-2: Ground out 6-3 (Groundball, 6)
Top of the 8th over - 0 runs, 0 hits, 0 errors, 0 left on base; New Amsterdam 4 - D.C. 0
BOTTOM OF THE 8TH
D.C. Divided batting - Pitching for New Amsterdam Dutchmen : RHP Kyle Boddy
Batting: RHB Brant Thigpen 0-0: Called Strike
0-1: Ball
1-1: Foul Ball, location: 2F
1-2: Ball
2-2: SINGLE (Groundball, 56D)
Batting: RHB Nick Boyd 0-0: Ball
1-0: Swinging Strike
1-1: Ball
2-1: Swinging Strike
2-2: Ball
3-2: Hit by Pitch
Brant Thigpen to second
Batting: LHB Elmer Hudgins 0-0: Ball
1-0: Fly out, F3 (Line Drive, 3S)
Batting: RHB Tony Romero 0-0: Ball
1-0: Fielders Choice at 2nd, 5-4 (Groundball, 56D)
Brant Thigpen to third
Batting: LHB Yao-pang Chiang 0-0: Ball
1-0: Ball
2-0: Ball
3-0: Foul Ball, location: 2F
3-1: Called Strike
3-2: Ground out 5-3 (Groundball, 56S)
Bottom of the 8th over - 0 runs, 1 hit, 0 errors, 2 left on base; New Amsterdam 4 - D.C. 0
TOP OF THE 9TH
New Amsterdam Dutchmen batting - Pitching for D.C. Divided : RHP Trevor Brohard
Batting: LHB Félix López 0-0: Called Strike
0-1: Ball
1-1: Ball
2-1: Called Strike
2-2: Foul Ball, location: 2F
2-2: Foul Ball, location: 2F
2-2: Ball
3-2: Base on Balls
Batting: RHB Jon Osterman 0-0: Ball
1-0: Ball
2-0: Foul Ball, location: 2F
2-1: Foul Ball, location: 2F
2-2: Foul Ball, location: 2F
2-2: Foul Ball, location: 2F
2-2: Strikes out swinging
Batting: RHB Chi-ju Zhang 0-0: Called Strike
0-1: Ball
1-1: Swinging Strike
1-2: Ball
2-2: Ball
3-2: Base on Balls
Félix López to second
Pitching: RHP Baker Mayfield
Batting: RHB António Martínez 0-0: Ball
1-0: Foul Ball, location: 2F
1-1: Grounds into double play, 6-4-3 (Groundball, 6)
Top of the 9th over - 0 runs, 0 hits, 0 errors, 1 left on base; New Amsterdam 4 - D.C. 0
BOTTOM OF THE 9TH
D.C. Divided batting - Pitching for New Amsterdam Dutchmen : RHP Kyle Boddy
Batting: RHB Wilbur Davis 0-0: Called Strike
0-1: Ball
1-1: Called Strike
1-2: Foul Ball, location: 2F
1-2: Ball
2-2: Ground out 6-3 (Groundball, 6)
Batting: LHB Obidiah Lewis 0-0: Swinging Strike
0-1: Ball
1-1: Ball
2-1: Swinging Strike
2-2: Strikes out swinging
Batting: LHB Ryan Marken 0-0: Ball
1-0: Swinging Strike
1-1: Ground out 4-3 (Groundball, 4M)
Bottom of the 9th over - 0 runs, 0 hits, 0 errors, 0 left on base; New Amsterdam 4 - D.C. 0
Wednesday, September 19th, 2018 - OOTP Baseball 18.8 Build 76